 Dungeon Crawl Stone Soup version 0.31-a0-202-g547052bce9 (webtiles) character file.

Game seed: 10750182272697020913

1897 qw the Skirmisher (level 8, 0/46 HPs)
             Began as a Deep Elf Hunter on June 26, 2023.
             Was a Follower of Okawaru.
             Succumbed to a killer bee's poison
             ... on level 7 of the Dungeon.
             The game lasted 00:01:55 (4878 turns).

qw the Skirmisher (Deep Elf Hunter)                 Turns: 4878, Time: 00:01:55

Health: 0/46       AC: 11    Str: 10    XL:     8   Next: 93%
Magic:  10/12      EV: 15    Int: 15    God:    Okawaru [*.....]
Gold:   480        SH:  0    Dex: 18    Spells: 7/7 levels left

rFire   . . .        b - +1 orcbow
rCold   . . .        (shield currently unavailable)
rNeg    . . .        f - +0 ring mail
rPois   .            k - +0 helmet
rElec   .            d - +0 cloak
rCorr   .            i - +0 pair of gloves
SInv    .            c - +0 pair of boots
Will    .....        (no amulet)
Stlth   +++          (no ring)
HPRegen 0.27/turn    (no ring)
MPRegen 0.13/turn

%: no passive effects
@: lethally poisoned (0 -> -9), heroic
A: no striking features
a: Renounce Religion, Heroism


You were on level 7 of the Dungeon.
You worshipped Okawaru.
Okawaru was aware of your devotion.
You visited 2 branches of the dungeon, and saw 8 of its levels.

You collected 480 gold pieces.


   Skills:
 - Level 3.0(8.0) Fighting
 + Level 13.6(18.6) Ranged Weapons
 - Level 2.1(7.1) Armour
 - Level 4.1(9.1) Dodging
 - Level 1.2(6.2) Stealth
 + Level 3.3 Invocations


You had 7 spell levels left.
You didn't know any spells.
Your spell library was empty.

Inventory:

Hand Weapons
 b - a +1 orcbow (weapon)
Armour
 c - a +0 pair of boots (worn)
 d - a +0 cloak (worn)
 f - a +0 ring mail (worn)
 h - a +3 scale mail of fire resistance
 i - a +0 pair of gloves (worn)
 k - a +0 helmet (worn)
Jewellery
 m - an amulet of the acrobat
Scrolls
 j - 2 scrolls of identify
Potions
 a - a potion of enlightenment
 e - 2 potions of mutation
 g - a potion of curing
 l - a potion of might

Dungeon Overview and Level Annotations

Branches:
Dungeon (7/15)             Temple (1/1) D:6

Altars:
Ashenzari
Cheibriados
Dithmenos
Elyvilon
Gozag
Hepliaklqana
Kikubaaqudgha
Makhleb
Nemelex Xobeh
Okawaru
Trog
Uskayaw
Vehumet
Xom
Yredelemnul
The Shining One

Shops:
D:1 =


Message History

Enter note:
Enter note: You shoot an arrow.
The arrow barely misses the killer bee.
The killer bee buzzes angrily.
The arrow hits the killer bee!
The killer bee is severely wounded.
You shoot an arrow. The arrow hits the killer bee!
You kill the killer bee!
Okawaru accepts your kill.
You shoot an arrow. The arrow hits the killer bee!
You kill the killer bee!
Okawaru accepts your kill.
You shoot an arrow. The arrow hits the killer bee!
The killer bee is heavily wounded.
The killer bee stings you but does no damage.
You shoot an arrow. The arrow barely misses the killer bee.
The killer bee barely misses you. The killer bee stings you!
The killer bee stings you.
You are poisoned.
The killer bee poisons you! The killer bee closely misses you.
You shoot an arrow. The arrow barely misses the killer bee.
You feel sick. The killer bee stings you! The killer bee barely misses you.
The killer bee stings you!
You are more poisoned.
The killer bee poisons you! The killer bee closely misses you.
4876 ||| INVOKING Heroism.
You gain the combat prowess of a mighty hero.
You can no longer gain great but temporary skills.
You feel very sick. The killer bee stings you!
The killer bee stings you but does no damage.
The killer bee barely misses you. The killer bee closely misses you.
You shoot an arrow. The arrow hits the killer bee!
You kill the killer bee!
Okawaru accepts your kill.
You can now gain great but temporary skills.
You feel very sick. The killer bee misses you. The killer bee stings you.
You shoot an arrow. The arrow misses the killer bee.
You die...

.........
...$....# _.
......... ...
........# #.#
........# ...
........####.###
#.....%y.......
#@####.####..
#.#.......#.#
#.#.##.##.#.#
#...#...# ..##
#.###._.###..#
#............#
#########.#..#
#....## ##....##


You could see a killer bee.

Vanquished Creatures
  A steam dragon (D:6)
  Duvessa (D:7)
  A black bear (D:7)
  An ice beast (D:5)
  A sky beast (D:6)
  An ogre (D:7)
  3 centaurs (D:5)
  A phantom (D:5)
  A kobold brigand (D:7)
  2 scorpions
  Dowan (D:7)
  3 killer bees (D:7)
  4 hounds
  2 jellies (D:6)
  2 sleepcaps
  2 iguanas
  3 orc wizards
  5 adders
  A white imp (D:5)
  An ufetubus (D:5)
  2 worms (D:2)
  2 dart slugs (D:1)
  6 orcs
  8 ball pythons
  7 bats
  8 endoplasms
  4 giant cockroaches
  3 goblins
  6 hobgoblins
  4 jackals (D:1)
  11 kobolds
  4 quokkas
  5 frilled lizards
  4 rats
111 creatures vanquished.

Vanquished Creatures (others)
  5 dream sheep (D:5)
  A butterfly (D:5)
6 creatures vanquished.

Grand Total: 117 creatures vanquished

Notes
Turn   | Place    | Note
-------+----------+-------------------------------------------
     0 | D:1      | qw the Deep Elf Hunter began the quest for the Orb.
     0 | D:1      | Reached XP level 1. HP: 12/12 MP: 3/3
     0 | D:1      | 0 ||| qw: Version: 0.3-a-22-g0ed2b0b
     0 | D:1      | 0 ||| qw: Game counter: 6354
     0 | D:1      | 0 ||| qw: Melee chars always use a shield: true
     0 | D:1      | 0 ||| qw: God list: Okawaru
     0 | D:1      | 0 ||| qw: Allow faded altars: false
     0 | D:1      | 0 ||| qw: Do Orc after clearing Dungeon:15 true
     0 | D:1      | 0 ||| qw: Do second Lair branch before Depths: true
     0 | D:1      | 0 ||| qw: Lair rune preference: random
     0 | D:1      | 0 ||| qw: Goals: Normal
     0 | D:1      | 0 ||| PLANNING D:1-11
    45 | D:1      | 45 ||| FLEEEEING.
    46 | D:1      | 46 ||| FLEEEEING.
    62 | D:1      | 62 ||| FLEEEEING.
    75 | D:1      | 75 ||| FLEEEEING.
    76 | D:1      | 76 ||| FLEEEEING.
   124 | D:1      | Reached skill level 6 in Ranged Weapons
   124 | D:1      | Reached XP level 2. HP: 14/16 MP: 4/4
   276 | D:1      | HP: 4/16 [frozen (3)]
   354 | D:1      | Reached XP level 3. HP: 20/20 MP: 5/5
   423 | D:1      | HP: 5/20 [jackal (1)]
   668 | D:1      | Reached skill level 7 in Ranged Weapons
   673 | D:1      | Found Beygoixt's Jewellery Shop.
   683 | D:1      | 683 ||| SHOPLISTING +5 ring of evasion (396 gold, have 42).
   683 | D:1      | 683 ||| SHOPLISTING amulet of faith (440 gold, have 42).
   683 | D:1      | 683 ||| SHOPLISTING amulet of reflection (330 gold, have
                  | 42).
   683 | D:1      | 683 ||| SHOPLISTING ring "Faastrim" {Will+ Str+6 Int+4
                  | Stlth-} (611 gold, have 42).
   683 | D:1      | 683 ||| SHOPLISTING ring of fire (275 gold, have 42).
   683 | D:1      | 683 ||| SHOPLISTING ring of protection from fire (275 gold,
                  | have 42).
   683 | D:1      | 683 ||| SHOPLISTING ring of resist corrosion (220 gold,
                  | have 42).
   741 | D:1      | 741 ||| UPGRADING to +0 ring mail.
   751 | D:1      | 751 ||| DROPPING +0 leather armour.
   752 | D:1      | 752 ||| UPGRADING to +0 pair of gloves.
   757 | D:1      | 757 ||| READING scroll labelled HUT YRITYORUKO.
   758 | D:1      | 758 ||| READING scroll labelled NYLUMI WEKUTAS.
   759 | D:1      | 759 ||| READING scroll labelled OMUIMUZIOR.
   760 | D:1      | 760 ||| DROPPING scroll of butterflies.
  1024 | D:2      | Reached XP level 4. HP: 25/25 MP: 6/6
  1044 | D:2      | Found a faded altar of an unknown god.
  1117 | D:2      | Found an opulent altar of Gozag.
  1545 | D:2      | 1545 ||| UPGRADING to +0 pair of boots.
  1550 | D:2      | 1550 ||| READING scroll labelled HOKLIT OFRAEHI.
  1594 | D:2      | 1594 ||| READING scroll labelled WUZUVA ORGH.
  1595 | D:2      | 1595 ||| READING 2 scrolls labelled JYERHA JIOCEA.
  1599 | D:2      | 1599 ||| READING scroll labelled MAMMEA PODEIT.
  1817 | D:3      | Reached skill level 8 in Ranged Weapons
  2183 | D:3      | 2183 ||| READING scroll labelled UNOWEMUITY.
  2184 | D:3      | 2184 ||| READING scroll labelled MECEIRR KAOTOSIH.
  2185 | D:3      | 2185 ||| READING scroll labelled SALIENUUWK.
  2186 | D:3      | 2186 ||| READING 2 scrolls of identify.
  2186 | D:3      | 2186 ||| IDENTIFYING bubbling orange potion
  2237 | D:4      | Found a broken altar of Ashenzari.
  2452 | D:4      | Noticed a scorpion
  2458 | D:4      | Killed a scorpion
  2459 | D:4      | Reached XP level 5. HP: 29/29 MP: 7/7
  2654 | D:4      | 2654 ||| UPGRADING to +0 helmet.
  2659 | D:4      | 2659 ||| DROPPING amulet of magic regeneration.
  2660 | D:4      | 2660 ||| DRINKING 2 coppery potions.
  2661 | D:4      | 2661 ||| READING 3 scrolls of identify.
  2661 | D:4      | 2661 ||| IDENTIFYING fuming pink potion
  2662 | D:4      | 2662 ||| READING 2 scrolls of identify.
  2662 | D:4      | 2662 ||| IDENTIFYING green potion
  2663 | D:4      | 2663 ||| DROPPING potion of lignification.
  2686 | D:5      | Entered Level 5 of the Dungeon
  2749 | D:5      | Noticed an ice beast
  2757 | D:5      | Killed an ice beast
  2758 | D:5      | Reached XP level 6. HP: 25/34 MP: 8/8
  2827 | D:5      | 2827 ||| Stepping ~*~*~tactically~*~*~ (outnumbered).
  2835 | D:5      | Reached skill level 9 in Ranged Weapons
  2840 | D:5      | HP: 6/35 [centaur/arrow (12)]
  2841 | D:5      | 2841 ||| READING scroll of teleportation.
  2844 | D:5      | Reached skill level 10 in Ranged Weapons
  2844 | D:5      | Reached XP level 7. HP: 5/40 MP: 9/9
  3016 | D:5      | Reached skill level 3 in Dodging
  3075 | D:5      | Found a white marble altar of Elyvilon.
  3076 | D:5      | 3076 ||| SWAPPING to +0 orcbow.
  3077 | D:5      | 3077 ||| DROPPING +1 shortbow of freezing.
  3531 | D:5      | Reached skill level 11 in Ranged Weapons
  3549 | D:5      | Noticed a dream sheep
  3549 | D:5      | Noticed a dream sheep
  3549 | D:5      | Noticed a dream sheep
  3549 | D:5      | Noticed a dream sheep
  3549 | D:5      | Noticed a dream sheep
  3549 | D:5      | Found a shimmering altar of Xom.
  3550 | D:5      | Killed a dream sheep
  3551 | D:5      | Killed a dream sheep
  3553 | D:5      | Killed a dream sheep
  3553 | D:5      | Killed a dream sheep
  3554 | D:5      | Killed a dream sheep
  3754 | D:6      | Found a staircase to the Ecumenical Temple.
  3755 | D:6      | 3755 ||| PLANNING TEMPLE
  3755 | D:6      | 3755 ||| UPGRADING to +0 cloak.
  3760 | D:6      | 3760 ||| READING 4 scrolls of identify.
  3760 | D:6      | 3760 ||| IDENTIFYING orange potion
  3778 | Temple   | Entered the Ecumenical Temple
  3789 | Temple   | 3789 ||| PLANNING OKAWARU WORSHIP
  3958 | Temple   | Became a worshipper of Warmaster Okawaru
  3959 | Temple   | 3959 ||| PLANNING D:1-11
  4075 | D:6      | 4075 ||| READING scroll of enchant weapon.
  4075 | D:6      | 4075 ||| ENCHANTING +0 orcbow.
  4120 | D:6      | Reached skill level 12 in Ranged Weapons
  4121 | D:6      | Reached XP level 8. HP: 44/44 MP: 10/10
  4129 | D:6      | Reached skill level 3 in Fighting
  4431 | D:6      | 4431 ||| READING 4 scrolls of identify.
  4431 | D:6      | 4431 ||| IDENTIFYING emerald potion
  4432 | D:6      | 4432 ||| READING 3 scrolls of identify.
  4432 | D:6      | 4432 ||| IDENTIFYING brown potion
  4433 | D:6      | 4433 ||| READING 2 scrolls of identify.
  4433 | D:6      | 4433 ||| IDENTIFYING sapphire potion
  4434 | D:6      | 4434 ||| DROPPING potion of invisibility.
  4435 | D:6      | 4435 ||| DROPPING potion of degeneration.
  4436 | D:6      | 4436 ||| DROPPING potion of brilliance.
  4457 | D:7      | 4457 ||| STAIRDANCE
  4524 | D:7      | Reached * piety under Okawaru
  4580 | D:7      | 4580 ||| Stepping ~*~*~tactically~*~*~ (outnumbered).
  4582 | D:7      | 4582 ||| Stepping ~*~*~tactically~*~*~ (outnumbered).
  4590 | D:7      | Reached skill level 13 in Ranged Weapons
  4590 | D:7      | Reached skill level 1 in Invocations
  4662 | D:7      | 4662 ||| INVOKING Heroism.
  4693 | D:7      | Noticed Duvessa
  4694 | D:7      | 4694 ||| INVOKING Heroism.
  4695 | D:7      | Noticed Dowan
  4707 | D:7      | Killed Duvessa
  4710 | D:7      | 4710 ||| INVOKING Heroism.
  4713 | D:7      | Killed Dowan
  4714 | D:7      | Reached skill level 3 in Invocations
  4848 | D:7      | Found a sparkling altar of Nemelex Xobeh.
  4861 | D:7      | Found an ancient bone altar of Kikubaaqudgha.
  4876 | D:7      | 4876 ||| INVOKING Heroism.
  4876 | D:7      | HP: 9/46 [killer bee (8)]
  4877 | D:7      | HP: 2/46 [killer bee (4)]
  4878 | D:7      | Succumbed to a killer bee's poison

Levels and vault maps discovered:
D:1:      dpeg_arrival_leaves_temple_mockup, layout_basic, serial_shops,
          nicolae_lakefront_shop
D:2:      layout_basic, basic_altar, ebering_ecumenical_altar_hall,
          minmay_misc_feat_cross, kennysheep_minor_cross
D:3:      layout_basic
D:4:      layout_cave_pools, mainiacjoe_overflow_boulevard, amethyst_killhole,
          minmay_misc_feat_hallway
D:5:      layout_loops_cross, kb_xom_exploding_sheep,
          nicolae_elyvilon_peaceful_grove, minmay_manual_mares
D:6:      minmay_general_purpose_star, layout_basic, temple_fountains
D:7:      layout_cave_pods, mainiacjoe_overflow_large_starburst, fedhas_altar_4,
          uniq_duvessa
Temple:   nicolae_temple_bog_church

Skill      XL: |  1  2  3  4  5  6  7  8 |
---------------+-------------------------+-----
Ranged Weapons | 6 7 8 10 12 13 | 13.6
Armour         | 2 |  2.1
Fighting       | 2 3 |  3.0
Dodging        | 3 4 |  4.1
Invocations    | 3 |  3.3
Stealth        | |  1.2

Action                     |  1- 3 |  4- 6 |  7- 9 || total
---------------------------+-------+-------+-------++-------
   Fire: Shortbow          |   106 |   102 |    17 ||   225
         Orcbow            |       |       |   154 ||   154
 Invoke: Heroism           |       |       |     4 ||     4
    Use: Scroll            |     3 |    11 |     5 ||    19
         Potion            |       |     1 |       ||     1
 Armour: Leather armour    |    12 |       |       ||    12
         Ring mail         |     1 |    18 |    22 ||    41
  Dodge: Dodged            |    35 |    24 |    62 ||   121

Table legend:
 A = Non-vault XP
 B = Vault XP
 C = Vault XP percentage of total XP
 D = Non-vault monster count
 E = Vault monster count
 F = Vault count percentage of total count
                 A         B        C        D         E       F
            +---------+---------+-------+---------+---------+-------
      Total |    1971 |     740 |  27.3 |     103 |      10 |   8.8
            +---------+---------+-------+---------+---------+-------
        D:1 |      65 |       0 |   0.0 |      35 |       0 |   0.0
        D:2 |      49 |       0 |   0.0 |      18 |       0 |   0.0
        D:3 |      58 |       0 |   0.0 |      12 |       0 |   0.0
        D:4 |      86 |       0 |   0.0 |       5 |       0 |   0.0
        D:5 |     838 |     220 |  20.8 |      16 |       2 |  11.1
        D:6 |     291 |     315 |  52.0 |       6 |       6 |  50.0
        D:7 |     584 |     205 |  26.0 |      11 |       2 |  15.4
            +---------+---------+-------+---------+---------+-------
